 Dungeon Crawl Stone Soup version 0.17-a0-995-gb5fa8d7 (webtiles) character file.

3444 oplop the Arsonist (level 9, -1/79 HPs)
             Began as a Mottled Draconian Fire Elementalist on May 12, 2015.
             Was a Priest of Vehumet.
             Slain by a killer bee (5 damage)
             ... on level 8 of the Dungeon.
             The game lasted 00:28:40 (7101 turns).

oplop the Arsonist (DrFE)                           Turns: 7101, Time: 00:28:40

Health: -1/79      AC:  8    Str: 10    XL:     9   Next: 77%
Magic:  3/15       EV: 12    Int: 22    God:    Vehumet [***...]
Gold:   479        SH:  0    Dex: 11    Spells: 7 memorised, 3 levels left

rFire  . . .     SeeInvis .     n - +2 whip (flame)
rCold  . . .     Clarity  .     (armour unavailable)
rNeg   . . .     SustAb   .     (no shield)
rPois  .         Gourm    .     (helmet restricted)
rElec  .         Spirit   .     (no cloak)
rCorr  .         Warding  .     (no gloves)
rMut   .         Stasis   .     q - +0 pair of boots
MR     .....                    (no amulet)
Stlth  ++........               (no ring)
                                c - ring of wizardry

@: lethally poisoned (-1 -> -2), short of breath, flying, not resistant to
hostile enchantments, unstealthy
A: breathe sticky flame splash, unfitting armour, big wings, clever 1, low mp 2,
mutation resistance 2, no device heal 1, cold-blooded, AC +7
a: Breathe Sticky Flame, Stop Flying, Renounce Religion


You were on level 8 of the Dungeon.
You worshipped Vehumet.
Vehumet was most pleased with you.
You were hungry.

You visited 1 branch of the dungeon, and saw 8 of its levels.

You collected 479 gold pieces.

Inventory:

Hand weapons
 n - a +2 whip of flaming (weapon)
Armour
 q - a +0 pair of boots (worn)
Jewellery
 c - a ring of wizardry (left hand)
 A - an uncursed ring of ice
Magical devices
 r - a wand of frost (17)
 s - a wand of digging (6)
 w - a wand of polymorph (4)
 x - a wand of enslavement (7)
 y - a wand of fire (9)
Scrolls
 e - a scroll of fog
 f - a scroll of remove curse
 g - 11 scrolls of identify
 i - a scroll of magic mapping
 k - a scroll of enchant armour
 m - a scroll of blinking
 v - a scroll of teleportation
 B - a scroll of fear
Potions
 d - 3 potions of brilliance
 j - 2 potions of flight
Books
 a - a book of Flames

   Spells                             Type                      Level
   a - Flame Tongue                   Conjuration/Fire             1
   b - Throw Flame                    Conjuration/Fire             2
   c - Conjure Flame                  Conjuration/Fire             3
   d - Inner Flame                    Hexes/Fire                   3
   e - Sticky Flame                   Conjuration/Fire             4
   f - Fireball                       Conjuration/Fire             5
 t - a book of Unlife

   Spells                             Type                      Level
   a - Recall                         Summoning/Translocation      3
   b - Animate Dead                   Necromancy                   4
   c - Control Undead                 Necromancy                   4
   d - Cigotuvi's Embrace             Necromancy                   5
   e - Death Channel                  Necromancy                   6
   f - Simulacrum                     Ice/Necromancy               6
 u - a book of Party Tricks

   Spells                             Type                      Level
   a - Summon Butterflies             Summoning                    1
   b - Apportation                    Translocation                1
   c - Tukima's Dance                 Hexes                        3
   d - Alistair's Intoxication        Transmutation/Poison         4
   e - Invisibility                   Hexes                        6
Comestibles
 b - 7 bread rations
 l - a royal jelly
 o - a meat ration
 z - 9 slices of pizza


   Skills:
 + Level 7.5 Fighting
 - Level 1.7 Dodging
 - Level 1.7 Stealth
 + Level 6.7 Spellcasting
 + Level 7.1 Conjurations
 + Level 8.2 Fire Magic


You had 3 spell levels left.
You knew the following spells:

 Your Spells              Type           Power        Failure   Level  Hunger
a - Flame Tongue          Conj/Fire      #####        1%          1    None
b - Conjure Flame         Conj/Fire      #####...     1%          3    #......
c - Inner Flame           Hex/Fire       ####....     1%          3    #......
d - Sticky Flame          Conj/Fire      #####...     1%          4    ###....
e - Fireball              Conj/Fire      #####.....   1%          5    #####..
f - Summon Butterflies    Summ           #.......     4%          1    None
g - Apportation           Tloc           #.........   4%          1    None


Dungeon Overview and Level Annotations

Branches:
Dungeon (8/15)             Temple (0/1) D:5
   Lair: D:8-11

Altars:
Cheibriados
Elyvilon
Gozag
Kikubaaqudgha
Makhleb
Trog
Vehumet
Xom
Zin

Shops:
D:6 =   D:8 *

Annotations:
D:2 Sigmund


Innate Abilities, Weirdness & Mutations

You can spit globs of burning liquid.
You can ignite nearby creatures when you spit burning liquid.
Your weird mottled scales are hard (AC +7).
Your body does not fit into most forms of armour.
You are cold-blooded and may be slowed by cold attacks.
Your large and strong wings let you fly indefinitely.
Your mind is acute. (Int +2)
Your magical capacity is very low (-20% MP).
You are somewhat resistant to both further mutation and mutation removal.
Potions and wands are less effective at restoring your health.


Message History

You closely miss the killer bee.
You feel sick. The killer bee barely misses you. The killer bee stings you.
* * * LOW HITPOINT WARNING * * *
The killer bee stings you but does no damage.
You closely miss the killer bee.
Your butterfly disappears in a puff of smoke!
The killer bee stings you.
* * * LOW HITPOINT WARNING * * *
The killer bee barely misses you.
You miss the killer bee.
Your tail-slap misses the killer bee.
The killer bee stings you but does no damage. x2
You hit the killer bee. You burn the killer bee.
Your tail-slap misses the killer bee.
The killer bee is lightly wounded.
You feel sick. The killer bee barely misses you. The killer bee stings you.
* * * LOW HITPOINT WARNING * * *
You hit the killer bee. You burn the killer bee.
The killer bee is heavily wounded.
The killer bee stings you.
You die...

##############.####
#..................
#.############.####
#.##...........#
#.##.#########.#
#.##.###### #.#
#...#.....####.###
#..#.####.....⌠.⌠#
#.@#.## #.###..∩.#
#..yy.# .# ##⌠.⌠#
##b#..###.####..###
#.#.>.............
#.#....#.####.####
#......# #.#
#.##.†.# #..
.......... ##
###.#....###


You could see 2 killer bees.

Vanquished Creatures
  Pikel (D:5)
  Grinder (D:6)
  A deep elf fighter (D:8)
  A black bear (D:6)
  3 sky beasts
  3 ogres
  A necrophage (D:6)
  2 centaurs
  A crocodile (D:7)
  2 giant frogs (D:7)
  A scorpion (D:6)
  3 killer bees (D:8)
  3 wights (D:6)
  4 crimson imps
  4 hounds
  A giant frog zombie (D:5)
  A centaur zombie (D:5)
  4 orc wizards
  A giant frog skeleton (D:7)
  Crazy Yiuf (D:6)
  2 orc priests
  A jelly (D:5)
  A gnoll shaman (D:7)
  Jessica (D:2)
  3 iguanas
  4 worker ants
  A killer bee zombie (D:8)
  2 hound zombies
  12 gnolls
  9 adders
  4 shadow imps
  An ooze (D:2)
  An adder zombie (D:6)
  2 worms
  2 giant geckos
  20 orcs
  16 bats
  13 hobgoblins
  15 jackals
  5 quokkas
  3 ball pythons
  5 giant cockroaches
  5 giant newts
  2 giant spores
  13 goblins
  14 kobolds
  8 rats
  4 ballistomycetes
208 creatures vanquished.

Vanquished Creatures (others)
  5 butterflies (D:8)
5 creatures vanquished.

Grand Total: 213 creatures vanquished

Notes
Turn   | Place    | Note
--------------------------------------------------------------
     0 | D:1      | oplop the Draconian Fire Elementalist began the quest for the Orb.
     0 | D:1      | Reached XP level 1. HP: 14/14 MP: 3/3
   124 | D:1      | You fall through a shaft!
   179 | D:2      | Noticed Jessica
   182 | D:2      | Killed Jessica
   182 | D:2      | Reached skill level 1 in Fighting
   182 | D:2      | Reached XP level 2. HP: 11/23 MP: 0/5
   182 | D:2      | Reached XP level 3. HP: 13/28 MP: 0/6
   258 | D:2      | Learned a level 3 spell: Conjure Flame
   746 | D:2      | Learned a level 3 spell: Inner Flame
   905 | D:2      | Noticed a hound
   928 | D:2      | Found a burning altar of Makhleb.
  1018 | D:2      | Reached XP level 4. HP: 34/36 MP: 3/8
  1050 | D:2      | Noticed Sigmund
  1108 | D:1      | Killed a hound
  1752 | D:3      | Found an opulent altar of Gozag.
  1820 | D:3      | Found a radiant altar of Vehumet.
  1821 | D:3      | Reached XP level 5. HP: 41/41 MP: 7/9
  1831 | D:3      | Became a worshipper of Vehumet
  2553 | D:4      | You fall through a shaft!
  2553 | D:5      | Entered Level 5 of the Dungeon
  2591 | D:4      | Reached skill level 4 in Fire Magic
  2714 | D:5      | Reached XP level 6. HP: 47/50 MP: 2/11
  2730 | D:5      | Learned a level 4 spell: Sticky Flame
  2734 | D:5      | Noticed an ogre
  2827 | D:5      | Gained mutation: Your mind is acute. (Int +2) [mutagenic meat]
  2828 | D:5      | Gained mutation: You are somewhat resistant to further mutation. [mutagenic meat]
  2831 | D:5      | Gained mutation: Your magical capacity is low (-10% MP). [mutagenic meat]
  2940 | D:5      | Acquired Vehumet's first power
  2940 | D:5      | Offered knowledge of Freeze by Vehumet.
  3029 | D:5      | Found a staircase to the Ecumenical Temple.
  3096 | D:5      | Noticed a slave
  3104 | D:5      | Killed an ogre
  3178 | D:5      | Noticed Pikel
  3198 | D:5      | Killed Pikel
  3198 | D:5      | Reached skill level 5 in Fire Magic
  3198 | D:5      | Your scales start taking on a weird mottled colour.
  3198 | D:5      | Reached XP level 7. HP: 49/60 MP: 4/12
  3252 | D:5      | Noticed a freed slave
  3258 | D:5      | Noticed a freed slave
  3293 | D:5      | Reached XP level 8. HP: 55/67 MP: 11/13
  3384 | D:5      | Reached skill level 5 in Fighting
  3384 | D:5      | Reached skill level 6 in Fire Magic
  3548 | D:5      | Reached skill level 5 in Conjurations
  3693 | D:6      | Learned a level 5 spell: Fireball
  3849 | D:6      | Noticed Crazy Yiuf
  3857 | D:6      | Killed Crazy Yiuf
  3970 | D:6      | Gained mutation: You are somewhat resistant to both further mutation and mutation removal. [potion of mutation]
  3997 | D:6      | Reached skill level 5 in Spellcasting
  4002 | D:6      | Noticed an angel
  4025 | D:6      | Noticed Grinder
  4037 | D:6      | Paralysed by Grinder for 5 turns
  4039 | D:6      | Killed Grinder
  4141 | D:6      | Found a shimmering altar of Xom.
  4147 | D:6      | Found a glowing silver altar of Zin.
  4204 | D:6      | Offered knowledge of Throw Frost by Vehumet.
  4372 | D:6      | Found a bloodstained altar of Trog.
  4500 | D:6      | Found a snail-covered altar of Cheibriados.
  4629 | D:6      | Reached skill level 7 in Fire Magic
  4718 | D:6      | Found Voxke's Jewellery Emporium.
  4850 | D:7      | Reached XP level 9. HP: 72/75 MP: 15/15
  6050 | D:7      | Offered knowledge of Stone Arrow by Vehumet.
  6489 | D:8      | Learned a level 1 spell: Summon Butterflies
  6491 | D:8      | Learned a level 1 spell: Apportation
  6511 | D:8      | Acquired Vehumet's second power
  6600 | D:8      | Gained mutation: Potions and wands are less effective at restoring your health. [mutagenic meat]
  6618 | D:8      | Gained mutation: Your magical capacity is very low (-20% MP). [mutagenic meat]
  6620 | D:8      | Gained mutation: Your large and strong wings let you fly indefinitely. [mutagenic meat]
  6762 | D:8      | Found a white marble altar of Elyvilon.
  6780 | D:8      | Offered knowledge of Mephitic Cloud by Vehumet.
  6780 | D:8      | Reached skill level 8 in Fire Magic
  7023 | D:8      | Found Ylaeps's General Store.
  7066 | D:8      | Found an ancient bone altar of Kikubaaqudgha.
  7092 | D:8      | HP: 2/79 [killer bee (8)]
  7100 | D:8      | HP: 3/79 [killer bee (3)]
  7101 | D:8      | Slain by a killer bee

Vault maps used:
D:1:      minmay_arrival_doors, nrook_mini_vaults
D:2:      makhleb_blood_cavern_becter, first_bread, uniq_sigmund, uniq_jessica
D:3:      nicolae_overflow_crystal_walls, nicolae_overflow_hidden_temple,
          grunt_gozag_statues
D:4:      nicolae_qazlal_general_emergency, serial_shops,
          nicolae_shop_temple_entry_statues_fountains
D:5:      minmay_temple_entry_poolview, uniq_pikel
D:6:      grunt_temple_overflow_order_and_chaos_1, kennysheep_mini_moat,
          lightli_temple_of_fire, serial_shops, shop,
          hangedman_abyss_or_decor_lesser_grid, uniq_grinder,
          uniq_crazy_yiuf_cottage
D:7:      grunt_decor_one_mirror, eino_small_chamber_without_monster
D:8:      lemuel_crystal_altar, elyvilon_altar_3, serial_shops, shop_fountains,
          grunt_pizzeria

Action                   |  1- 3 |  4- 6 |  7- 9 || total
-------------------------+-------+-------+-------++-------
Melee: Unarmed           |    25 |    55 |     7 ||    87
       Whip              |       |       |   363 ||   363
 Cast: Flame Tongue      |    57 |   141 |    83 ||   281
       Conjure Flame     |       |     4 |     9 ||    13
       Sticky Flame      |       |     1 |    19 ||    20
       Inner Flame       |       |       |     7 ||     7
       Summon Butterflie |       |       |     3 ||     3
       Fireball          |       |       |     1 ||     1
 Abil: Breathe Sticky Fl |       |       |    11 ||    11
       Fly               |       |       |     1 ||     1
Evoke: Wand              |       |       |     1 ||     1
  Use: Scroll            |     3 |     1 |    11 ||    15
       Potion            |     1 |     1 |     5 ||     7
 Stab: Sleeping          |       |       |     1 ||     1
  Eat: Chunk             |     1 |    11 |    16 ||    28
       Beef jerky        |       |     1 |       ||     1
       Meat ration       |       |       |     1 ||     1
